 Dungeon Crawl Stone Soup version 0.31-a0-1469-gd420192249 (webtiles) character file.

Game seed: 1939728840077889553

2774 Sonofthefire the Mimic (level 9, -6/66 HPs)
             Began as an Octopode Shapeshifter on Dec 28, 2023.
             Was an Initiate of Gozag.
             Mangled by a yak (14 damage)
             ... on level 8 of the Dungeon.
             The game lasted 00:14:52 (6698 turns).

Sonofthefire the Mimic (Octopode Shapeshifter)      Turns: 6698, Time: 00:14:52

Health: -6/66      AC:  1    Str: 17    XL:     9   Next: 70%
Magic:  9/9        EV: 17    Int: 13    God:    Gozag
Gold:   968        SH:  0    Dex: 11    Spells: 8/8 levels left

rFire   . .          .
                       - Unarmed
rCold   . . .        (shield currently unavailable)
rNeg    . . .        (helmet restricted)
rPois   .            k - amulet of regeneration
rElec   .            (no ring)
rCorr   .            (no ring)
SInv    .            (no ring)
Will    .....        (no ring)
Stlth   +            (no ring)
HPRegen 1.11/turn    (no ring)
MPRegen 0.11/turn    (no ring)
                     (no ring)

%: no passive effects
@: flux-form, gold aura, attractive, glowing
A: glow, contaminating, almost no armour, amphibious, 8 rings, camouflage 1,
gelatinous body 1, (nimble swimmer 1), tentacles
a: Begin Untransformation, Renounce Religion, Potion Petition, Call Merchant,
Bribe Branch


You were on level 8 of the Dungeon.
You worshipped Gozag.
Gozag was pleased with you.
You were something dangerously unstable.
You visited 2 branches of the dungeon, and saw 9 of its levels.
You also visited: Ossuary.

You collected 1031 gold pieces.
You paid 63 gold pieces to Gozag.

Inventory:

Armour
 r - an orb of mayhem
Jewellery
 k - an amulet of regeneration (around mantle)
Talismans
 b - a beast talisman
 c - a flux talisman (active)
 l - a blade talisman
Wands
 i - a wand of mindburst (12)
 t - a wand of polymorph (8)
Scrolls
 a - a scroll of enchant armour {unknown}
 d - a scroll of blinking {unknown}
 h - 2 scrolls of noise {unknown}
 j - 2 scrolls of identify
 o - a scroll of enchant weapon {unknown}
 q - a scroll of fog {unknown}
 s - 5 scrolls of teleportation {unknown}
Potions
 e - a potion of brilliance
 f - a potion of attraction
 g - 3 potions of curing
 n - 5 potions of enlightenment
 u - a potion of invisibility {unknown}


   Skills:
 - Level 7.9 Fighting
 - Level 2.0 Dodging
 - Level 3.0 Unarmed Combat
 * Level 10.0 Shapeshifting


You had 8 spell levels left.
You didn't know any spells.
Your spell library contained the following spells:

 Spells                   Type           Power      Damage    Failure   Level
 Magic Dart               Conj           0%         1d3       30%         1
 Blink                    Tloc           0%         N/A       43%         2
 Call Imp                 Summ           0%         N/A       43%         2
 Dazzling Flash           Conj/Hex       0%         N/A       67%         3
 Mephitic Cloud           Conj/Alch/Air  0%         N/A       67%         3
 Ozocubu's Armour         Ice            0%         N/A       67%         3
 Vhi's Electric Charge    Tloc/Air       0%         N/A       97%         4
 Arcjolt                  Conj/Air       0%         1d10      100%        5
 Curse of Agony           Necr           0%         N/A       100%        5
 Metabolic Englaciation   Hex/Ice        0%         N/A       100%        5
 Silence                  Hex/Air        0%         N/A       100%        5
 Plasma Beam              Fire/Air       0%         2x1d10    100%        6
 Sculpt Simulacrum        Ice/Alch       Unusable   N/A       N/A         6

Dungeon Overview and Level Annotations

Branches:
Dungeon (8/15)             Temple (1/1) D:5         Ossuary (visited)
   Lair: D:8-11

Altars:
Ashenzari
Cheibriados
Dithmenos
Elyvilon
Fedhas
Gozag
Hepliaklqana
Kikubaaqudgha
Makhleb
Nemelex Xobeh
Okawaru
Qazlal
Ru
Sif Muna
Trog
Uskayaw
Vehumet
Wu Jian
Xom
Yredelemnul
Zin
The Shining One

Shops:
D:2 *   D:5 *


Innate Abilities, Weirdness & Mutations

You are something dangerously unstable.
You glow with magical radiation, making you easy to see and hit.
Foes you strike become dangerously contaminated with magical radiation.
You are incapable of wielding weapons or throwing items.
You cannot wear most types of armour.
You are amphibious.
You can wear up to eight rings at the same time.
Your skin changes colour to match your surroundings (Stealth+).
Your rubbery body absorbs attacks. (AC +1, EV +1)
((You are camouflaged when in or above water. (Stealth+)))
You have tentacles for arms and can constrict up to eight enemies at once.


Message History

You tentacle-slap the hog.
The hog shudders as magic cascades through it!!
You kill the hog!
The hog's shape twists and changes as it dies.
The centaur warrior shoots an arrow.
The arrow misses you.
You tentacle-slap the yak.
The yak begins to glow.
The yak is lightly wounded.
The yak gores you!
The centaur warrior is distracted by your dazzling golden aura.
The centaur warrior shouts!
You tentacle-slap the yak but do no damage.
The yak glows dangerously bright.
The yak barely misses you.
You tentacle-slap the yak.
The yak shudders as magic cascades through it!
The yak twists and deforms.
The yak is heavily wounded.
The centaur warrior is no longer distracted by gold.
The yak gores you!
You tentacle-slap the yak.
The yak begins to glow.
The yak is heavily wounded.
The yak barely misses you.
You tentacle-slap the yak but do no damage.
The yak glows dangerously bright.
You squeeze the yak, but do no damage.
The yak is heavily wounded.
The yak closely misses you.
You tentacle-slap the yak.
The yak shudders as magic cascades through it!
You kill the yak!
The centaur warrior shoots an arrow.
The arrow hits you!
* * * LOW HITPOINT WARNING * * *
Your Shapeshifting skill increases to level 10!
You tentacle-slap the yak but do no damage.
The yak begins to glow.
You squeeze the yak.
The yak is lightly wounded.
The yak gores you!
* * * LOW HITPOINT WARNING * * *
Unknown command.
You feel better. The yak gores you!
You die...
Your body crumbles into a pile of gold.

##.##.## #..
..# ...8...#
#..5 !.
.......#
#..o##.#
.8...8.#
#Y....#
.......##
##$.#
...8....##
#$5##
#######..#
##Y## ##.#
######YY#
#.####...pYc##
#)..>..######
########.#####
.........#
##########


You could see a centaur warrior (misshapen), 4 yaks and a shadow imp.

Vanquished Creatures
  Maggie (D:8)
  A wraith (D:8)
  2 yaks (D:8)
  A hog (shapeshifter) (D:8)
  An ice beast (D:8)
  An ogre (D:4)
  A centaur (D:4)
  A phantom (D:4)
  2 elf zombies (Ossuary)
  A kobold brigand (D:6)
  3 scorpions
  2 wights (D:8)
  A killer bee (D:8)
  A howler monkey (D:5)
  2 centaur zombies (Ossuary)
  2 human zombies (Ossuary)
  2 gnoll boudas
  3 hounds
  2 jellies
  4 orc wizards
  An iguana (D:7)
  3 sleepcaps
  6 hound zombies (Ossuary)
  2 mummies (Ossuary)
  15 gnolls
  6 adders
  A white imp (D:6)
  2 ufetubi (D:6)
  5 adder zombies (Ossuary)
  4 dart slugs
  16 orcs
  6 ball pythons
  7 bats
  8 endoplasms
  4 giant cockroaches
  6 goblins
  10 hobgoblins
  2 jackals (D:4)
  9 kobolds
  4 quokkas (D:1)
  4 frilled lizards
  4 gnoll zombies (Ossuary)
  7 jackal zombies (Ossuary)
  4 kobold zombies (Ossuary)
  4 orc zombies (Ossuary)
  6 rats
180 creatures vanquished.

Notes
Turn   | Place    | Note
-------+----------+-------------------------------------------
     0 | D:1      | Sonofthefire the Octopode Shapeshifter began the quest for
                  | the Orb.
     0 | D:1      | Reached XP level 1. HP: 13/13 MP: 1/1
    45 | D:1      | Reached XP level 2. HP: 14/19 MP: 2/2
   294 | D:1      | Reached XP level 3. HP: 25/25 MP: 3/3
   709 | D:2      | Found Korr's General Store.
   970 | D:3      | Reached XP level 4. HP: 33/33 MP: 4/4
   986 | D:3      | Found a faded altar of an unknown god.
  1093 | D:3      | Found a broken altar of Ashenzari.
  1093 | D:3      | Found a snail-covered altar of Cheibriados.
  1712 | D:4      | Reached XP level 5. HP: 24/38 MP: 5/5
  1829 | D:4      | Reached skill level 5 in Fighting
  1932 | D:4      | Noticed an ogre
  1939 | D:4      | Killed an ogre
  1940 | D:4      | Reached XP level 6. HP: 11/46 MP: 6/6
  2380 | D:4      | Reached XP level 7. HP: 51/54 MP: 7/7
  2821 | D:5      | Entered Level 5 of the Dungeon
  2825 | D:5      | Found a staircase to the Ecumenical Temple.
  2936 | Temple   | Entered the Ecumenical Temple
  2960 | Temple   | Became a worshipper of Gozag Ym Sagoz the Greedy
  3633 | D:5      | Reached skill level 4 in Shapeshifting
  3830 | D:5      | Found Zyupy's Fire Supplies.
  4043 | D:6      | Reached XP level 8. HP: 61/61 MP: 8/8
  4172 | D:6      | Found a glowing silver altar of Zin.
  4181 | D:6      | Found a white marble altar of Elyvilon.
  4181 | D:6      | Found a glowing golden altar of the Shining One.
  4301 | D:6      | Reached skill level 5 in Shapeshifting
  4318 | D:6      | Found a blossoming altar of Fedhas.
  4608 | D:6      | Found a hazy altar of Hepliaklqana.
  4613 | D:6      | Found an ancient bone altar of Kikubaaqudgha.
  4614 | D:6      | Found a bloodstained altar of Trog.
  4615 | D:6      | Found an ornate altar of the Wu Jian Council.
  4615 | D:6      | Found a stormy altar of Qazlal.
  4617 | D:6      | Found a shadowy altar of Dithmenos.
  5215 | D:7      | Reached skill level 6 in Shapeshifting
  5819 | D:8      | HP: 3/61 [ice beast (14)]
  5896 | D:8      | Noticed a wraith
  5943 | D:8      | Killed a wraith
  5944 | D:8      | Reached skill level 7 in Shapeshifting
  6045 | D:8      | Found a sand-covered staircase.
  6052 | Ossuary  | Entered an ossuary
  6150 | Ossuary  | Reached XP level 9. HP: 59/66 MP: 9/9
  6222 | Ossuary  | Reached skill level 8 in Shapeshifting
  6643 | D:8      | Noticed Maggie
  6659 | D:8      | Killed Maggie
  6660 | D:8      | Reached skill level 9 in Shapeshifting
  6671 | D:8      | Noticed a centaur warrior
  6697 | D:8      | Reached skill level 10 in Shapeshifting
  6697 | D:8      | HP: 2/66 [yak (17)]
  6698 | D:8      | Mangled by a yak

Illustrated notes

Levels and vault maps discovered:
D:1:      scummos_arrival_forest, layout_rooms
D:2:      layout_basic, serial_shops, shop, hangedman_abyss_or_decor_lesser_grid
D:3:      layout_basic, gammafunk_temple_overflow_pools,
          ebering_ecumenical_altar_petrified, minmay_liquid_box
D:4:      layout_loops_ring
D:5:      layout_rooms, minmay_temple_entry_wispy, chequers_arboretum,
          nicolae_shop_fire_sale [nicolae_sub_dead_trees], st_stairs_9
D:6:      layout_basic, dreamdust_divine_triumvirate, minitemple,
          pf_just_have_faith, kennysheep_generic_room_4
D:7:      layout_cave_pools, serial_glass, glass_columns_a, glass_columns_b
D:8:      layout_basic, nicolae_ossuary_entry_monument, nicolae_sextant,
          minmay_manual_mess, uniq_maggie
Temple:   eino_wide_crystal_templ

Skill      XL: |  1  2  3  4  5  6  7  8  9 |
---------------+----------------------------+-----
Fighting       | 2 3 4 6 7 |  7.9
Shapeshifting  | 4 7 10 | 10.0
Dodging        | |  2.0
Unarmed Combat | |  3.0

Action                     |  1- 3 |  4- 6 |  7- 9 || total
---------------------------+-------+-------+-------++-------
  Melee: Unarmed           |    65 |    91 |   349 ||   505
         Constrict         |    19 |    22 |    80 ||   121
         Tentacles         |     9 |    26 |    93 ||   128
         Punch             |     2 |     2 |    13 ||    17
    Use: Potion            |       |     1 |    11 ||    12
         Scroll            |       |       |     6 ||     6
   Stab: Sleeping          |     6 |     5 |     4 ||    15
         Distracted        |       |       |     3 ||     3
 Armour: Skin              |    22 |    31 |   209 ||   262
  Dodge: Dodged            |    36 |    36 |   249 ||   321
   Form: Beast             |       |       |     1 ||     1
         Flux              |       |       |     1 ||     1

Table legend: (Time is in decaauts)
 A = Elapsed time spent in this place.
 B = Non-inter-level travel time spent in this place.
 C = Inter-level travel time spent in this place.
 D = Time resting spent in this place.
 E = Time spent auto-exploring this place.
 F = Levels seen in this place.
 G = Mean time per level.
                   A        B        C        D        E       F      G
               +--------+--------+--------+--------+--------+-----+--------+
         Total |   6672 |   6262 |    410 |   1283 |   3498 |  10 |  667.2 |
       Dungeon |   6099 |   5728 |    371 |   1052 |   3385 |   8 |  762.4 |
        Temple |     39 |      1 |     38 |      0 |      0 |   1 |   39.0 |
       Ossuary |    533 |    533 |      0 |    231 |    113 |   1 |  533.0 |
               +--------+--------+--------+--------+--------+-----+--------+

Top non-repeatable levels by time:
     D:4: 1306 daAuts
     D:6: 928 daAuts
     D:3: 876 daAuts
     D:5: 832 daAuts
     D:2: 628 daAuts
     D:1: 577 daAuts
     D:7: 563 daAuts
 Ossuary: 533 daAuts
     D:8: 385 daAuts
  Temple: 39 daAuts
